 Dungeon Sprint DCSS version 0.21-a0-91-ga5031da (webtiles) character file.

105 Kidiri the Sneak (level 4, -16/23 HPs)
             Began as a Spriggan Enchanter on June 30, 2017.
             Demolished by a tyrant leech (26 damage)
             ... in the Dungeon (Sprint II: "The Violet Keep of Menkaure").
             The game lasted 00:01:45 (200 turns).

Kidiri the Sneak (Spriggan Enchanter)                Turns: 200, Time: 00:01:46

Health: -16/23     AC:  2    Str:  4    XL:     4   Next: 54%
Magic:  0/12       EV: 22    Int: 16    God:
Gold:   486        SH:  0    Dex: 17    Spells: 1/13 levels left

rFire    . . .     SeeInvis +   a - +1 dagger
rCold    . . .     Gourm    .   (shield restricted)
rNeg     . . .     Faith    .   b - +0 robe
rPois    .         Spirit   .   (helmet restricted)
rElec    .         Reflect  .   (no cloak)
rCorr    .         Harm     .   (gloves unavailable)
MR       .....     NoTele   +   (boots unavailable)
Stlth    ++++......             (no amulet)
HPRegen  0.07/turn              (no ring)
MPRegen  0.13/turn              (no ring)

@: very quick
A: unfitting armour, see invisible, herbivore 3, speed 3, slow metabolism 2
a: no special abilities


You were in the Dungeon.
You were not hungry.

You visited 1 branch You collected 486 gold pieces.

Inventory:

Hand Weapons
 a - a +1 dagger (weapon)
Armour
 b - a +0 robe (worn)
Scrolls
 j - a scroll of blinking
Potions
 e - a potion of curing
 g - a potion of haste
 h - 2 potions of magic
 i - a potion of berserk rage
Books
 c - a book of Maledictions

   Spells                             Type                      Level
   a - Corona                         Hexes                        1
   b - Ensorcelled Hibernation        Hexes/Ice                    2
   c - Confuse                        Hexes                        3
   d - Tukima's Dance                 Hexes                        3
   e - Dazzling Spray                 Conjuration/Hexes            3
Comestibles
 d - a bread ration


   Skills:
 + Level 1.9 Fighting
 * Level 4.3 Short Blades
 + Level 1.7 Armour
 * Level 6.3 Dodging
 * Level 7.3 Stealth
 * Level 5.1 Spellcasting
 + Level 4.9 Hexes


You had one spell level left.
You knew the following spells:

 Your Spells              Type           Power        Failure   Level  Hunger
a - Corona                Hex            ###....      1%          1    None
b - Ensorcelled Hibernat  Hex/Ice        ##....       9%          2    #......
c - Confuse               Hex            ###.....     6%          3    ###....
d - Tukima's Dance        Hex            ###.....     6%          3    ###....
e - Dazzling Spray        Conj/Hex       ##....       16%         3    ###....


Dungeon Overview and Level Annotations

Branches:
Dungeon (1/1)

Altars:


Innate Abilities, Weirdness & Mutations

You are very small and have problems with some larger weapons.
You are too small for most types of armour.
You have supernaturally acute eyesight. (SInv)
You are a herbivore.
You cover ground extremely quickly.
You need consume almost no food.


Message History

Ouch! That really hurt!
* * * LOW HITPOINT WARNING * * *
The tyrant leech draws strength from your injuries!
Unknown command.
You feel much better.
Casting: Ensorcelled Hibernation
Confirm with . or Enter, or press ? or * to list all spells.
Aiming: Confuse
Press: ? - help, Shift-Dir - straight line, f/p - tyrant leech
Aim: a tyrant leech (chance to defeat MR: 32%)
The tyrant leech easily resists.
The tyrant leech barely misses you.
You hit the tyrant leech but do no damage.
The tyrant leech bites you!
Ouch! That really hurt!
The tyrant leech draws strength from your injuries!
Unknown command.
You are too injured to fight recklessly!
You closely miss the tyrant leech. The tyrant leech bites you!!
Ouch! That really hurt!
You die...

#+# ###.###
#.†#.†#
####.#.####
#.###+###.##
###.##.##...#
+.##ww<.'#
#.%@##.##..$#
##%###+# #.##
### .#. ## nn
nn ##. .## ##
##


You could see 2 tyrant leeches.

Vanquished Creatures
  4 worker ants (D)
  3 worms (D)
7 creatures vanquished.

Vanquished Creatures (others)
  A crocodile (D)
1 creature vanquished.

Grand Total: 8 creatures vanquished

Notes
Turn   | Place    | Note
-------+----------+-------------------------------------------
     0 | D        | Kidiri the Spriggan Enchanter began the quest for the Orb.
     0 | D        | Reached XP level 1. HP: 9/9 MP: 5/5
     1 | D        | Noticed a worker ant
     1 | D        | Noticed a worker ant
     1 | D        | Noticed a worker ant
     1 | D        | Noticed a worker ant
     4 | D        | Killed a worker ant
     4 | D        | Reached skill level 1 in Fighting
     4 | D        | Reached skill level 5 in Stealth
     4 | D        | Reached XP level 2. HP: 14/14 MP: 5/7
     5 | D        | Reached skill level 1 in Armour
     5 | D        | Reached skill level 5 in Dodging
     5 | D        | Reached skill level 6 in Stealth
     5 | D        | Reached XP level 3. HP: 18/18 MP: 5/9
     8 | D        | Reached XP level 4. HP: 23/23 MP: 5/11
    17 | D        | Learned a level 2 spell: Ensorcelled Hibernation
    21 | D        | Learned a level 3 spell: Confuse
    25 | D        | Learned a level 3 spell: Tukima's Dance
    29 | D        | Learned a level 3 spell: Dazzling Spray
    65 | D        | Reached skill level 7 in Stealth
   101 | D        | Killed a crocodile
   150 | D        | Noticed a tyrant leech
   150 | D        | Noticed a tyrant leech
   154 | D        | Noticed a necrophage
   154 | D        | Noticed a necrophage
   154 | D        | Noticed a necrophage
   154 | D        | Noticed a necrophage
   162 | D        | Reached skill level 5 in Spellcasting
   195 | D        | HP: 1/23 [tyrant leech (22)]
   200 | D        | Demolished by a tyrant leech

Vault maps used:
D:        the_violet_keep_of_menkaure

Skill      XL: |  1  2  3  4 |
---------------+-------------+-----
Fighting       | 1 |  1.9
Short Blades   | 2 3 4 |  4.3
Dodging        | 4 5 6 |  6.3
Stealth        | 5 6 7 |  7.3
Spellcasting   | 3 4 5 |  5.1
Hexes          | 4 |  4.9
Armour         | 1 |  1.7

Action                   |  1- 3 |  4- 6 || total
-------------------------+-------+-------++-------
Melee: Dagger            |     3 |     7 ||    10
 Cast: Ensorcelled Hiber |       |    10 ||    10
       Confuse           |       |     1 ||     1
  Use: Potion            |       |     1 ||     1
 Stab: Sleeping          |     3 |     4 ||     7
Dodge: Dodged            |     1 |     8 ||     9
